 Dungeon Crawl Stone Soup version 0.18.1-50-g88ac8fd (webtiles) character file.

22481 Peloso the Blocker (level 12, -2/108 HPs)
             Began as a Minotaur Fighter on Oct 3, 2016.
             Was a High Priest of Okawaru.
             Slain by veneficus's ghost (12 damage)
             ... on level 4 of the Lair of Beasts.
             The game lasted 00:44:38 (12674 turns).

Peloso the Blocker (Minotaur Fighter)              Turns: 12674, Time: 00:44:38

Health: -2/108     AC: 21    Str: 25    XL:     12   Next: 63%
Magic:  12/12      EV:  6    Int:  5    God:    Okawaru [*****.]
Gold:   620        SH:  0    Dex: 20    Spells: 0 memorised, 11 levels left

rFire  . . .     SeeInvis .     V - +3 great sword (drain)
rCold  . . .     Gourm    .     q - +1 plate armour
rNeg   . . .     Faith    +     (shield currently unavailable)
rPois  .         Spirit   .     (helmet restricted)
rElec  .         Dismiss  .     E - +0 cloak
rCorr  .         Reflect  .     A - +1 pair of gloves {Dex+3}
SustAt .         Harm     .     N - +0 pair of boots
MR     .....                    j - amulet of faith
Stlth  ..........               T - +3 ring of dexterity
                                r - +3 ring of strength

@: not resistant to hostile enchantments, extremely unstealthy
A: retaliatory headbutt, horns 2, MP-powered wands
a: Heroism, Finesse, Renounce Religion


You were on level 4 of the Lair of Beasts.
You worshipped Okawaru.
Okawaru was extremely pleased with you.
You were not hungry.

You visited 3 branches of the dungeon, and saw 15 of its levels.
You also visited: Labyrinth.

You collected 794 gold pieces.
You spent 174 gold pieces at shops.

Inventory:

Hand Weapons
 a - a +1 long sword
 n - a +0 falchion of draining
 V - a +3 great sword of draining (weapon)
 W - the +8 hand axe "Riguch" {chop, *Contam rC+ SInv}
   (Okawaru gifted it to you on level 1 of the Lair of Beasts)

   It inflicts extra damage upon your enemies.
   It protects you from cold.
   It lets you see invisible.
   It causes magical contamination when unequipped.
Armour
 c - a +0 shield
 q - a +1 plate armour (worn)
 A - a +1 pair of gloves of dexterity (worn)
 E - a +0 cloak (worn)
 N - a +0 pair of boots (worn)
Jewellery
 j - an amulet of faith (around neck)
 r - a +3 ring of strength (left hand)
 y - an uncursed ring of ice
 I - an uncursed ring of sustain attributes
 R - a +2 ring of protection
 T - a +3 ring of dexterity (right hand)
Wands
 d - a wand of disintegration (7/24)
 F - a wand of disintegration (16/24)
Scrolls
 g - 4 scrolls of identify
 i - 4 scrolls of enchant weapon
 k - 7 scrolls of remove curse
 w - a scroll of fear
 x - a scroll of teleportation
 H - a scroll of blinking
 L - a scroll of magic mapping
 M - 2 scrolls of enchant armour
Potions
 m - 9 potions of curing
 o - 5 potions of heal wounds
 p - a potion of might
 s - a potion of ambrosia {unknown}
 v - 2 potions of agility {unknown}
 z - a potion of mutation {unknown}
 D - 3 potions of flight {unknown}
 K - 2 potions of invisibility
 P - a potion of brilliance {unknown}
Books
 b - a book of Air

   Spells                             Type                      Level
   a - Shock                          Conjuration/Air              1
   b - Swiftness                      Charms/Air                   2
   c - Repel Missiles                 Charms/Air                   2
   d - Static Discharge               Conjuration/Air              3
   e - Lightning Bolt                 Conjuration/Air              5
Comestibles
 f - 10 bread rations
 h - 3 slices of pizza
 l - 25 royal jellies
 t - 5 beef jerkies
 u - 4 chunks of flesh
 B - 6 meat rations


   Skills:
 + Level 10.6 Fighting
 + Level 12.9 Long Blades
 + Level 11.6 Armour
 + Level 5.9 Dodging
 + Level 1.9 Stealth
 + Level 14.1 Shields
 + Level 1.6 Invocations
 + Level 1.0 Evocations


You had 11 spell levels left.
You didn't know any spells.

Dungeon Overview and Level Annotations

Branches:
Dungeon (10/15)            Temple (1/1) D:4            Lair (4/8) D:8
  Swamp: Lair:3-6    Shoals: Lair:3-6     Snake: Lair:3-6    Spider: Lair:3-6
    Orc: D:9-12

Altars:
Ashenzari
Cheibriados
Dithmenos
Elyvilon
Fedhas
Gozag
Kikubaaqudgha
Makhleb
Nemelex Xobeh
Okawaru
Pakellas
Qazlal
Ru
Sif Muna
Trog
Vehumet
Xom
Yredelemnul
Zin
The Shining One
Jiyva
Lugonu

Shops:
D:4 %   D:6 (*}

Annotations:
Lair:4 veneficus's ghost, journeyman MiBe


Innate Abilities, Weirdness & Mutations

You reflexively headbutt those who attack you in melee.
You have a pair of horns on your head.
You expend magic power (3 MP) to strengthen your wands.


Message History

You hit veneficus's ghost but do no damage.
Veneficus's ghost is moderately damaged.
Veneficus's ghost hits you!! Veneficus's ghost burns you!
Unknown command.
You hit veneficus's ghost but do no damage.
Your headbutt misses veneficus's ghost.
Veneficus's ghost is moderately damaged.
Veneficus's ghost hits you but does no damage.
Unknown command.
You slice the plant!!
The plant is heavily damaged.
Veneficus's ghost hits you!!
* * * LOW HITPOINT WARNING * * *
Veneficus's ghost burns you.
* * * LOW HITPOINT WARNING * * *
There is a stone staircase leading up here.
Veneficus's ghost hits you!!
* * * LOW HITPOINT WARNING * * *
Veneficus's ghost burns you!
You die...

### ######P## ######
### #.......#
..##.###.#####..(....##
............##........#
###PP.####...+........#
###.# ####....[....#
### ##.(......#
#.W@.....# #......(##
#.......# #.......#
###....## #....##
####### #..### ...P..#
####.^#### ......#
#........#


You could see veneficus's ghost.

Vanquished Creatures
  Rupert (Lair:3)
  A minotaur (Lab)
  2 hydras
  The ghost of Fiskpinne the Basher, a novice MiFi of the Shining One (D:8)
  2 black mambas
  4 spiny frogs
  4 komodo dragons
  A polar bear (Lair:2)
  A queen bee (Lair:1)
  A troll (D:8)
  3 blink frogs (Lair:2)
  6 slime creatures
  Sigmund (D:4)
  7 yaks (Lair:1)
  2 hungry ghosts (D:9)
  Menkaure (D:7)
  2 hippogriffs
  3 basilisks
  18 water moccasins
  5 porcupines
  4 orc warriors
  A wasp (D:7)
  A black bear (D:7)
  3 sky beasts
  4 ice beasts
  4 phantoms
  4 ogres
  15 wolves
  6 centaurs
  6 crocodiles
  2 big kobolds
  12 giant frogs
  3 scorpions
  27 killer bees
  3 wights (D:8)
  3 crimson imps
  A giant frog zombie (D:5)
  A quasit (D:6)
  A giant frog skeleton (D:7)
  A centaur zombie (D:6)
  3 hounds
  4 jellies
  3 orc priests
  2 centaur skeletons
  2 iguanas
  4 orc wizards
  10 worker ants
  3 hound skeletons
  2 hound zombies
  2 worker ant zombies (D:8)
  4 gnolls (D:8)
  A howler monkey zombie (D:8)
  9 adders
  46 river rats
  4 shadow imps
  6 oozes
  5 adder zombies
  An adder skeleton (D:7)
  4 worms
  3 dart slugs
  2 giant geckos
  33 orcs
  2 ball pythons
  3 giant cockroaches
  10 goblins
  12 hobgoblins
  7 jackals
  5 quokkas
  5 bats
  A giant gecko skeleton (D:7)
  A giant gecko zombie (D:3)
  8 giant newts
  2 gnoll zombies (D:6)
  2 jackal skeletons
  A jackal zombie (D:5)
  9 kobolds
  A quokka zombie (D:8)
  9 rats
  2 demonic plants (Temple)
401 creatures vanquished.

Vanquished Creatures (others)
  2 fungi
  2 plants
4 creatures vanquished.

Grand Total: 405 creatures vanquished

Notes
Turn   | Place    | Note
--------------------------------------------------------------
     0 | D:1      | Peloso the Minotaur Fighter began the quest for the Orb.
     0 | D:1      | Reached XP level 1. HP: 19/19 MP: 0/0
   101 | D:1      | Reached XP level 2. HP: 19/27 MP: 1/1
   218 | D:1      | Reached skill level 4 in Shields
   718 | D:2      | Reached XP level 3. HP: 27/33 MP: 2/2
   835 | D:2      | Found a shimmering altar of Xom.
  1039 | D:2      | Found a burning altar of Makhleb.
  1048 | D:2      | Reached skill level 1 in Dodging
  1048 | D:2      | Reached XP level 4. HP: 35/40 MP: 3/3
  1560 | D:3      | Reached skill level 5 in Shields
  1699 | D:4      | Found a sacrificial altar of Ru.
  1709 | D:4      | Reached XP level 5. HP: 43/46 MP: 4/4
  1803 | D:4      | Reached skill level 5 in Armour
  1825 | D:4      | Noticed Sigmund
  1827 | D:4      | Found a staircase to the Ecumenical Temple.
  1842 | D:4      | Killed Sigmund
  1842 | D:4      | Reached XP level 6. HP: 24/53 MP: 5/5
  1850 | Temple   | Entered the Ecumenical Temple
  2010 | D:4      | Found Kuede's Food Boutique.
  2011 | D:4      | Reached skill level 6 in Shields
  2293 | D:5      | Entered Level 5 of the Dungeon
  2368 | D:5      | Reached XP level 7. HP: 58/60 MP: 6/6
  2549 | D:5      | Reached skill level 5 in Fighting
  3269 | D:6      | Reached skill level 1 in Stealth
  3315 | D:6      | Reached skill level 5 in Long Blades
  3630 | D:6      | Found Feuczac's Weapon Emporium.
  3655 | D:6      | Found Yhij's Assorted Antiques.
  3661 | D:6      | Bought a silvery potion for 20 gold pieces
  3661 | D:6      | Bought a scroll labeled ZER NOACUGESH for 23 gold pieces
  3662 | D:6      | Bought a scroll labeled YBINAT XEINA for 23 gold pieces
  3695 | D:6      | Reached skill level 7 in Shields
  3737 | D:6      | Reached XP level 8. HP: 57/68 MP: 7/7
  3805 | D:6      | Found Pevoezxa's Gadget Boutique.
  3813 | D:6      | Bought a wand of disintegration (5/24) for 108 gold pieces
  3985 | D:6      | Found a basalt altar of Yredelemnul.
  4102 | D:6      | Reached skill level 8 in Shields
  4519 | D:6      | Reached XP level 9. HP: 66/75 MP: 8/8
  4542 | D:7      | Found a radiant altar of Vehumet.
  4587 | D:7      | Found a shattered altar of Ashenzari.
  4636 | D:7      | Found an oddly glowing altar of Pakellas.
  4692 | D:7      | Noticed Menkaure
  4699 | D:7      | Killed Menkaure
  5036 | D:7      | Reached skill level 9 in Shields
  5036 | D:7      | Reached skill level 1 in Evocations
  5135 | D:7      | Identified a scroll of acquirement
  5170 | D:8      | Noticed Fiskpinne's ghost (novice MiFi)
  5196 | D:8      | Killed Fiskpinne's ghost
  5429 | D:8      | Found a deep blue altar of Sif Muna.
  5545 | D:8      | Found a staircase to the Lair.
  5568 | D:8      | Found an iron altar of Okawaru.
  5569 | D:8      | Found a blossoming altar of Fedhas.
  5573 | D:8      | Became a worshipper of Warmaster Okawaru
  5623 | D:8      | Found a shadowy altar of Dithmenos.
  5701 | D:8      | Reached XP level 10. HP: 88/88 MP: 9/9
  5704 | D:8      | Found a viscous altar of Jiyva.
  6058 | D:8      | Reached skill level 10 in Shields
  6066 | D:8      | Reached * piety under Okawaru
  6587 | D:8      | Found a glowing golden altar of the Shining One.
  7212 | D:9      | Reached ** piety under Okawaru
  7338 | D:10     | Entered Level 10 of the Dungeon
  7605 | D:10     | Reached skill level 10 in Long Blades
  7669 | D:10     | Reached skill level 10 in Armour
  7669 | D:10     | Reached skill level 11 in Shields
  7744 | D:9      | Reached *** piety under Okawaru
  7964 | D:9      | Found a bloodstained altar of Trog.
  8120 | D:9      | Noticed a six-headed hydra
  8187 | Lair:1   | Entered Level 1 of the Lair of Beasts
  8222 | Lair:1   | Reached XP level 11. HP: 87/95 MP: 10/10
  8227 | Lair:1   | Reached skill level 5 in Dodging
  8264 | Lair:1   | Reached **** piety under Okawaru
  8518 | Lair:1   | Reached ***** piety under Okawaru
  8547 | Lair:1   | Reached skill level 12 in Shields
  8657 | Lair:1   | Received a gift from Okawaru
  8662 | Lair:1   | Got an ancient hand axe {god gift}
  8663 | Lair:1   | Identified the +8 hand axe "Riguch" {chop, *Contam rC+ SInv} (Okawaru gifted it to you on level 1 of the Lair of Beasts)
  8702 | Lair:1   | Gained mutation: You expend magic power (3 MP) to strengthen your wands. [mutagenic glow]
  9423 | Lair:2   | Received a gift from Okawaru
  9434 | Lair:2   | Got a pitted battleaxe {god gift}
  9490 | Lair:2   | Found a labyrinth entrance.
  9502 | Lab      | Entered a labyrinth
 10360 | Lab      | Noticed a minotaur
 10372 | Lab      | Killed a minotaur
 10372 | Lab      | Reached skill level 13 in Shields
 11048 | Lair:2   | Reached XP level 12. HP: 104/106 MP: 11/11
 11467 | Lair:3   | Received a gift from Okawaru
 11473 | Lair:3   | Reached skill level 10 in Fighting
 11490 | Lair:3   | Identified the +1 battleaxe "Mulaet" {chop, rPois} (Okawaru gifted it to you on level 2 of the Lair of Beasts)
 11533 | Lair:3   | Noticed Rupert
 11547 | Lair:3   | Killed Rupert
 12162 | Lair:3   | Reached ****** piety under Okawaru
 12243 | Lair:2   | Noticed a six-headed hydra
 12264 | Lair:2   | Killed a 14-headed hydra
 12264 | Lair:2   | Received a gift from Okawaru
 12264 | Lair:2   | Reached skill level 14 in Shields
 12264 | Lair:2   | Reached skill level 1 in Invocations
 12604 | Lair:4   | Noticed a five-headed hydra
 12615 | Lair:4   | Killed an eight-headed hydra
 12636 | Lair:4   | Noticed veneficus's ghost (journeyman MiBe)
 12674 | Lair:4   | Slain by veneficus's ghost

Skill      XL: |  1  2  3  4  5  6  7  8  9 10 11 12 |
---------------+-------------------------------------+-----
Shields        | 4 5 6 7 8 9 11 13 14 | 14.1
Armour         | 4 5 6 8 9 10 11 | 11.6
Fighting       | 4 5 7 8 9 10 | 10.6
Long Blades    | 3 4 5 6 8 10 11 12 | 12.9
Dodging        | 1 2 3 4 5 |  5.9
Stealth        | 1 |  1.9
Evocations     | 1 |  1.0
Invocations    | 1 |  1.6

Action                   |  1- 3 |  4- 6 |  7- 9 | 10-12 || total
-------------------------+-------+-------+-------+-------++-------
Melee: Long sword        |    87 |   133 |   115 |       ||   335
       Headbutt          |    10 |    37 |    99 |   254 ||   400
       Falchion          |       |       |   245 |   867 ||  1112
       Great sword       |       |       |       |    28 ||    28
Invok: Heroism           |       |       |       |     7 ||     7
       Finesse           |       |       |       |     2 ||     2
Evoke: Wand              |       |       |     6 |     3 ||     9
  Use: Potion            |       |     1 |       |       ||     1
       Scroll            |       |     5 |    11 |     9 ||    25
  Eat: Chunk             |     1 |     4 |    10 |    25 ||    40
       Beef jerky        |       |       |       |     1 ||     1
Armor: Scale mail        |    39 |    40 |       |       ||    79
       Plate armour      |       |       |   158 |   308 ||   466
Dodge: Dodged            |    14 |    36 |    73 |   238 ||   361
Block: Shield            |    43 |    68 |   169 |   534 ||   814
